MID
CLINTON LUMBERKINGS @ GREENVILLE DRIVE
08/21/2049
 
TOP OF THE 1ST
Clinton LumberKings batting - Pitching for Greenville Drive : RHP Lukasha Sheigus
Pitching: RHP Lukasha Sheigus
Batting: RHB Josh Ruhl 0-0: Ball
1-0: Ball
2-0: Called Strike
2-1: Ball
3-1: Fly out, F7 (Flyball, 7, EV 90.0 MPH)
Batting: LHB Nick McGraw 0-0: Ball
1-0: Called Strike
1-1: Ball
2-1: Called Strike
2-2: Foul Ball, location: 2F
2-2: Ball
3-2: Base on Balls
Batting: LHB Sean Trueblood 0-0: Ball
1-0: Swinging Strike
1-1: Foul Ball, location: 2F
1-2: Ball
2-2: Foul Ball, location: 2F
2-2: Ball
3-2: Grounds into double play, 6-4-3 (Groundball, 6D, EV 103.1 MPH)
Top of the 1st over - 0 runs, 0 hits, 0 errors, 0 left on base; Clinton 0 - Greenville 0
BOTTOM OF THE 1ST
Greenville Drive batting - Pitching for Clinton LumberKings : RHP Devon Washington
Pitching: RHP Devon Washington
Batting: RHB Aukukero Tairi 0-0: Foul Ball, location: 2F
0-1: Ball
1-1: Ball
2-1: Ball
3-1: Foul Ball, location: 2F
3-2: Ground out 6-3 (Groundball, 6, EV 78.8 MPH)
Batting: LHB Kien-lung Zou 0-0: Called Strike
0-1: Foul Ball, location: 2F
0-2: SINGLE (Groundball, P, EV 76.9 MPH) (infield hit)
Batting: SHB Salvador Padilla 0-0: SINGLE (Line Drive, 7S, EV 111.2 MPH)
Kien-lung Zou to second
Batting: SHB Matsudaira Ikeda 0-0: Fielders Choice at 2nd, 5-4 (Groundball, 56S, EV 85.6 MPH)
Kien-lung Zou to third
Batting: RHB Alex Cardenas 0-0: Fly out, F4 (Line Drive, 4, EV 63.8 MPH)
Bottom of the 1st over - 0 runs, 2 hits, 0 errors, 2 left on base; Clinton 0 - Greenville 0
TOP OF THE 2ND
Clinton LumberKings batting - Pitching for Greenville Drive : RHP Lukasha Sheigus
Batting: LHB Taki Matsui 0-0: Ball
1-0: Ball
2-0: Called Strike
2-1: Ball
3-1: Called Strike
3-2: SINGLE (Line Drive, 6MD, EV 103.1 MPH)
Batting: RHB Matt Fenimore 0-0: Called Strike
0-1: Foul Ball, location: 2F
0-2: Fly out, F9 (Flyball, 89D, EV 91.9 MPH)
Batting: RHB Nick Edmunds 0-0: Ball
1-0: Swinging Strike
1-1: Foul Ball, location: 2F
1-2: Foul Ball, location: 2F
1-2: Ball
2-2: SINGLE (Groundball, 4D, EV 95.0 MPH)
Taki Matsui to second
Batting: SHB Brendan Bundy 0-0: Called Strike
0-1: Ball
1-1: Ball
2-1: Foul Ball, location: 2F
2-2: Strikes out swinging
Batting: RHB David Greene 0-0: SINGLE (Groundball, 56D, EV 100.6 MPH)
Taki Matsui to third
Nick Edmunds to second
Runner from 3rd tries for Home, SAFE, throw by LF to home
Batting: RHB Omar Solis 0-0: Ground out 5-3 (Groundball, 56S, EV 81.2 MPH)
Top of the 2nd over - 1 run, 3 hits, 0 errors, 2 left on base; Clinton 1 - Greenville 0
BOTTOM OF THE 2ND
Greenville Drive batting - Pitching for Clinton LumberKings : RHP Devon Washington
Batting: RHB Mario Arriero 0-0: Swinging Strike
0-1: Ball
1-1: Swinging Strike
1-2: Foul Ball, location: 2F
1-2: Strikes out swinging
Batting: RHB Matt Parker 0-0: Ball
1-0: Called Strike
1-1: Ball
2-1: Fly out, F3 (Popup, 3F, EV 66.9 MPH)
Batting: LHB Carlos Guerra 0-0: Ball
1-0: Ground out U3 (Groundball, 34, EV 103.1 MPH)
Bottom of the 2nd over - 0 runs, 0 hits, 0 errors, 0 left on base; Clinton 1 - Greenville 0
TOP OF THE 3RD
Clinton LumberKings batting - Pitching for Greenville Drive : RHP Lukasha Sheigus
Batting: RHB Josh Ruhl 0-0: Ball
1-0: Foul Ball, location: 2F
1-1: Ball
2-1: DOUBLE (Flyball, 78XD, EV 103.1 MPH)
Batting: LHB Nick McGraw 0-0: Called Strike
0-1: SINGLE (Flyball, 5D, EV 92.5 MPH)
Josh Ruhl to third
Batting: LHB Sean Trueblood 0-0: Ball
1-0: Swinging Strike
1-1: Foul Ball, location: 2F
1-2: Strikes out swinging
Batting: LHB Taki Matsui 0-0: Ball
1-0: Ball
2-0: SINGLE (Groundball, 4D, EV 100.6 MPH)
Josh Ruhl scores
Nick McGraw to second
Runner from 2nd tries for 3rd, SAFE, no throw by CF
Batting: RHB Matt Fenimore 0-0: Called Strike
0-1: Ball
1-1: Foul Ball, location: 2F
1-2: Foul Ball, location: 2F
1-2: Strikes out swinging
Batting: RHB Nick Edmunds 0-0: Called Strike
0-1: Ball
1-1: Ball
2-1: Foul Ball, location: 2F
2-2: Ball
3-2: Foul Ball, location: 2F
3-2: Base on Balls
Taki Matsui to second
Batting: SHB Brendan Bundy 0-0: Ground out 4-3 (Groundball, 4, EV 85.6 MPH)
Top of the 3rd over - 1 run, 3 hits, 0 errors, 3 left on base; Clinton 2 - Greenville 0
BOTTOM OF THE 3RD
Greenville Drive batting - Pitching for Clinton LumberKings : RHP Devon Washington
Batting: RHB Josh Smith 0-0: Ball
1-0: Foul Ball, location: 2F
1-1: DOUBLE (Line Drive, 9LM, EV 105.0 MPH)
Batting: RHB Aukukero Tairi 0-0: Ball
1-0: Foul Ball, location: 2F
1-1: Ball
2-1: Foul Ball, location: 2F
2-2: Ball
3-2: Base on Balls
Batting: LHB Kien-lung Zou 0-0: Ball
1-0: Ball
2-0: SINGLE (Line Drive, 6D, EV 95.6 MPH)
Josh Smith to third
Aukukero Tairi to second
Batting: SHB Salvador Padilla 0-0: Called Strike
0-1: SINGLE (Groundball, 56S, EV 64.4 MPH) (infield hit)
Josh Smith scores
Aukukero Tairi to third
Kien-lung Zou to second
Batting: SHB Matsudaira Ikeda 0-0: Ball
1-0: Fielders Choice at 2nd, 4-6 (Groundball, 4, EV 104.4 MPH)
Aukukero Tairi scores
Kien-lung Zou to third
Batting: RHB Alex Cardenas 0-0: Called Strike
0-1: Ball
1-1: Ground out 5-3 (Groundball, 56S, EV 62.5 MPH)
Kien-lung Zou scores
Matsudaira Ikeda to second
Batting: RHB Mario Arriero 0-0: Ball
1-0: Foul Ball, location: 2F
1-1: Ball
2-1: Ground out 6-3 (Groundball, 6M, EV 87.5 MPH)
Bottom of the 3rd over - 3 runs, 3 hits, 0 errors, 1 left on base; Clinton 2 - Greenville 3
TOP OF THE 4TH
Clinton LumberKings batting - Pitching for Greenville Drive : RHP Lukasha Sheigus
Batting: RHB David Greene 0-0: SINGLE (Groundball, 34D, EV 97.5 MPH)
Batting: RHB Omar Solis 0-0: Ball
1-0: Grounds into double play, 5-4-3 (Groundball, 56, EV 88.8 MPH)
Batting: RHB Josh Ruhl 0-0: Ball
1-0: Ball
2-0: Reached on error, E5 (Groundball, 56S, EV 88.1 MPH)
Batting: LHB Nick McGraw 0-0: Called Strike
Josh Ruhl steals 2nd base
0-1: Ball
1-1: SINGLE (Line Drive, 56, EV 106.9 MPH)
Josh Ruhl to third
Batting: LHB Sean Trueblood 0-0: Foul Ball, location: 2F
0-1: Ball
1-1: Ball
2-1: Called Strike
2-2: 3-RUN HOME RUN (Flyball, 78XD, EV 111.9 MPH), Distance : 422 ft
Pitching: RHP Victor Escobar
Batting: LHB Taki Matsui 0-0: Foul Ball, location: 2F
0-1: Called Strike
0-2: Ball
1-2: Strikes out swinging
Top of the 4th over - 3 runs, 3 hits, 1 error, 0 left on base; Clinton 5 - Greenville 3
BOTTOM OF THE 4TH
Greenville Drive batting - Pitching for Clinton LumberKings : RHP Devon Washington
Batting: RHB Matt Parker 0-0: Ball
1-0: SINGLE (Groundball, 56D, EV 103.8 MPH)
Batting: LHB Carlos Guerra 0-0: Called Strike
0-1: Ball
1-1: Hit by Pitch
Matt Parker to second
Batting: RHB Josh Smith 0-0: Ball
1-0: Ball
2-0: Fly out, F7 (Flyball, 7D, EV 92.5 MPH)
Runner from 2nd tags up, SAFE at 3rd, no throw by LF
Batting: RHB Aukukero Tairi 0-0: Ball
1-0: Fielders Choice at 2nd, 6-4 (Groundball, 6, EV 89.4 MPH)
Matt Parker scores
Batting: LHB Kien-lung Zou 0-0: Foul Ball, location: 2F
0-1: Ball
1-1: Ball
2-1: Called Strike
2-2: Ball
3-2: Base on Balls
Aukukero Tairi to second
Batting: SHB Salvador Padilla 0-0: Ball
1-0: Foul Ball, location: 2F
1-1: Ball
2-1: Called Strike
2-2: Foul Ball, location: 2F
2-2: Strikes out swinging
Bottom of the 4th over - 1 run, 1 hit, 0 errors, 2 left on base; Clinton 5 - Greenville 4
TOP OF THE 5TH
Clinton LumberKings batting - Pitching for Greenville Drive : RHP Victor Escobar
Batting: RHB Matt Fenimore 0-0: Ball
1-0: SINGLE (Groundball, 6MD, EV 103.1 MPH)
Batting: RHB Nick Edmunds 0-0: Ball
1-0: Ball
2-0: Foul Ball, location: 2F
2-1: Ball
3-1: Base on Balls
Matt Fenimore to second
Batting: SHB Brendan Bundy 0-0: Called Strike
0-1: Ball
1-1: Foul Ball, location: 2F
1-2: Ball
2-2: Ball
3-2: Strikes out swinging
Batting: RHB David Greene 0-0: Called Strike
0-1: Swinging Strike
0-2: Ball
1-2: Strikes out swinging
Batting: RHB Omar Solis 0-0: Ball
1-0: Called Strike
1-1: Ball
2-1: Called Strike
2-2: Foul Ball, location: 2F
2-2: Strikes out swinging
Top of the 5th over - 0 runs, 1 hit, 0 errors, 2 left on base; Clinton 5 - Greenville 4
BOTTOM OF THE 5TH
Greenville Drive batting - Pitching for Clinton LumberKings : RHP Devon Washington
Batting: SHB Matsudaira Ikeda 0-0: Ball
1-0: Ball
2-0: Foul Ball, location: 2F
2-1: Ball
3-1: Foul Ball, location: 2F
3-2: Ground out 4-3 (Groundball, 4, EV 81.9 MPH)
Batting: RHB Alex Cardenas 0-0: Called Strike
0-1: Ball
1-1: SINGLE (Groundball, 56S, EV 76.2 MPH) (infield hit)
Batting: RHB Mario Arriero 0-0: Ball
1-0: Ball
2-0: Ball
3-0: Called Strike
3-1: Swinging Strike
3-2: SINGLE (Groundball, 56D, EV 101.2 MPH)
Alex Cardenas to second
Batting: RHB Matt Parker 0-0: Called Strike
0-1: Ball
1-1: Ball
2-1: Foul Ball, location: 2F
2-2: Ball
Passed Ball!
Alex Cardenas to third
Mario Arriero to second
3-2: SINGLE (Flyball, 6MD, EV 84.4 MPH)
Alex Cardenas scores
Mario Arriero to third
Pitching: RHP Rickey DuMire
Batting: LHB Carlos Guerra 0-0: Called Strike
0-1: Ball
1-1: 3-RUN HOME RUN (Flyball, 9LD, EV 98.1 MPH), Distance : 378 ft
Batting: RHB Josh Smith 0-0: Fly out, F7 (Flyball, 7LMF, EV 92.5 MPH)
Batting: RHB Aukukero Tairi 0-0: Called Strike
0-1: SINGLE (Groundball, 6M, EV 111.2 MPH) (infield hit)
Batting: LHB Kien-lung Zou 0-0: Ball
1-0: Called Strike
Aukukero Tairi steals 2nd base
1-1: Ball
2-1: Ball
3-1: Ground out 4-3 (Groundball, 4, EV 108.8 MPH)
Bottom of the 5th over - 4 runs, 5 hits, 0 errors, 1 left on base; Clinton 5 - Greenville 8
TOP OF THE 6TH
Clinton LumberKings batting - Pitching for Greenville Drive : RHP Victor Escobar
Batting: RHB Josh Ruhl 0-0: Called Strike
0-1: SINGLE (Line Drive, 3D, EV 99.4 MPH)
Batting: LHB Nick McGraw 0-0: Called Strike
Pickoff Throw to First - Out! 1-3 CS
0-1: Foul Ball, location: 2F
0-2: SINGLE (Line Drive, 3D, EV 94.4 MPH)
Batting: LHB Sean Trueblood 0-0: Ball
1-0: 2-RUN HOME RUN (Flyball, 9LD, EV 98.8 MPH), Distance : 366 ft
Batting: LHB Taki Matsui 0-0: Fly out, F9 (Line Drive, 9S, EV 95.6 MPH)
Batting: RHB Matt Fenimore 0-0: Ball
1-0: Called Strike
1-1: Ball
2-1: Ball
3-1: Base on Balls
Batting: RHB Nick Edmunds 0-0: Called Strike
0-1: Foul Ball, location: 2F
0-2: Ground out 5-3 (Groundball, 56S, EV 85.0 MPH)
Top of the 6th over - 2 runs, 3 hits, 0 errors, 1 left on base; Clinton 7 - Greenville 8
BOTTOM OF THE 6TH
Greenville Drive batting - Pitching for Clinton LumberKings : RHP Rickey DuMire
Batting: SHB Salvador Padilla 0-0: Ball
1-0: Ball
2-0: Ball
3-0: Base on Balls
Batting: SHB Matsudaira Ikeda 0-0: Called Strike
0-1: Ball
1-1: Ball
2-1: SINGLE (Line Drive, 8RS, EV 105.6 MPH)
Salvador Padilla to second
Batting: RHB Alex Cardenas 0-0: Called Strike
0-1: Swinging Strike
0-2: Ball
1-2: Strikes out swinging
Batting: RHB Mario Arriero 0-0: Ball
1-0: Foul Ball, location: 2F
1-1: Ball
2-1: Called Strike
2-2: Ball
3-2: Strikes out swinging
Pitching: RHP Matt Lane
Batting: RHB Matt Parker 0-0: Swinging Strike
0-1: Swinging Strike
0-2: Ball
1-2: Strikes out swinging
Bottom of the 6th over - 0 runs, 1 hit, 0 errors, 2 left on base; Clinton 7 - Greenville 8
TOP OF THE 7TH
Clinton LumberKings batting - Pitching for Greenville Drive : RHP Victor Escobar
Pitching: RHP Paul Carter
Batting: SHB Brendan Bundy 0-0: Ball
1-0: Ball
2-0: Ball
3-0: Foul Ball, location: 2F
3-1: Base on Balls
Batting: RHB David Greene 0-0: Bunted foul
0-1: Bunt missed!
0-2: Strikes out looking
Pinch Hitting: RHB Tai Joo 0-0: Ball
1-0: Ball
2-0: Foul Ball, location: 2F
2-1: Called Strike
2-2: Strikes out swinging
Batting: RHB Josh Ruhl 0-0: Ball
1-0: Swinging Strike
1-1: Ball
2-1: Called Strike
2-2: Strikes out looking
Top of the 7th over - 0 runs, 0 hits, 0 errors, 1 left on base; Clinton 7 - Greenville 8
BOTTOM OF THE 7TH
Greenville Drive batting - Pitching for Clinton LumberKings : RHP Matt Lane
Now at 2B: Chang Huie
Now at SS: David Greene
Batting: LHB Carlos Guerra 0-0: Ball
1-0: Called Strike
1-1: SINGLE (Line Drive, 4M, EV 98.8 MPH)
Batting: RHB Josh Smith 0-0: Foul Ball, location: 2F
0-1: Ball
Carlos Guerra is caught stealing 2nd base 2-4
1-1: Foul Ball, location: 2F
1-2: Strikes out swinging
Batting: RHB Aukukero Tairi 0-0: Called Strike
0-1: Called Strike
0-2: Ball
1-2: Ball
2-2: Strikes out swinging
Bottom of the 7th over - 0 runs, 1 hit, 0 errors, 0 left on base; Clinton 7 - Greenville 8
TOP OF THE 8TH
Clinton LumberKings batting - Pitching for Greenville Drive : RHP Paul Carter
Pitching: LHP Eddie Contreras
Batting: LHB Nick McGraw 0-0: Ball
1-0: Ball
2-0: Foul Ball, location: 2F
2-1: Foul Ball, location: 2F
2-2: Ground out 6-3 (Groundball, 6, EV 78.1 MPH)
Pinch Hitting: RHB Heitaro Tanaka 0-0: Ball
1-0: Ball
2-0: Foul Ball, location: 2F
2-1: Swinging Strike
2-2: Ground out 6-3 (Groundball, 6, EV 96.9 MPH)
Batting: LHB Taki Matsui 0-0: Ball
1-0: Called Strike
1-1: DOUBLE (Line Drive, 9LD, EV 105.0 MPH)
Pitching: RHP Tyler Tomblin
Batting: RHB Matt Fenimore 0-0: Swinging Strike
0-1: Called Strike
0-2: Strikes out swinging
Top of the 8th over - 0 runs, 1 hit, 0 errors, 1 left on base; Clinton 7 - Greenville 8
BOTTOM OF THE 8TH
Greenville Drive batting - Pitching for Clinton LumberKings : RHP Matt Lane
Pitching: RHP Rich Benoit
Now at 3B: Heitaro Tanaka
Batting: LHB Kien-lung Zou 0-0: Called Strike
0-1: Foul Ball, location: 2F
0-2: SINGLE (Line Drive, 8LS, EV 86.2 MPH)
Batting: SHB Salvador Padilla 0-0: Ball
1-0: Fly out, F8 (Line Drive, 89M, EV 92.5 MPH)
Batting: SHB Matsudaira Ikeda 0-0: Called Strike
Kien-lung Zou steals 2nd base
0-1: Ball
1-1: Ball
2-1: Called Strike
2-2: Strikes out swinging
Batting: RHB Alex Cardenas 0-0: Ball
1-0: Foul Ball, location: 2F
1-1: Ball
2-1: Foul Ball, location: 2F
2-2: DOUBLE (Line Drive, 9LS, EV 111.9 MPH)
Kien-lung Zou scores
Batting: RHB Mario Arriero 0-0: Called Strike
0-1: Swinging Strike
0-2: Strikes out looking
Bottom of the 8th over - 1 run, 2 hits, 0 errors, 1 left on base; Clinton 7 - Greenville 9
TOP OF THE 9TH
Clinton LumberKings batting - Pitching for Greenville Drive : RHP Tyler Tomblin
Pitching: LHP Josh Turner
Batting: RHB Nick Edmunds 0-0: DOUBLE (Line Drive, 8RXD, EV 101.2 MPH)
Batting: SHB Brendan Bundy 0-0: Called Strike
0-1: Called Strike
0-2: Foul Ball, location: 2F
0-2: Ball
1-2: Ball
2-2: Strikes out swinging
Batting: RHB David Greene 0-0: Ball
1-0: Called Strike
1-1: Swinging Strike
1-2: Strikes out swinging
Batting: LHB Chang Huie 0-0: Ball
1-0: Called Strike
1-1: Called Strike
1-2: Foul Ball, location: 2F
1-2: Ball
2-2: Strikes out swinging
Top of the 9th over - 0 runs, 1 hit, 0 errors, 1 left on base; Clinton 7 - Greenville 9
Sunday, July 16th , 2023 - OOTP Baseball 24.6 Build 69